 Dungeon Crawl Stone Soup version 0.28.0 (webtiles) character file.

Game seed: 16352163693345555680

107 SnakkuSnakku7 the Conjurer (level 4, 0/24 HPs)
             Began as a Tengu Earth Elementalist on Feb 9, 2022.
             Succumbed to an adder's poison
             ... on level 3 of the Dungeon.
             The game lasted 00:02:58 (1851 turns).

SnakkuSnakku7 the Conjurer (TeEE)                   Turns: 1851, Time: 00:02:59

Health: 0/24       AC:  2    Str:  7 (9)  XL:     4   Next: 86%
Magic:  4/8        EV: 12    Int: 15 (17) God:
Gold:   135        SH:  0    Dex: 12 (14) Spells: 3/7 levels left

rFire   . . .      SeeInvis .   a - +0 hand axe
rCold   . . .      Faith    .   (no shield)
rNeg    . . .      Spirit   .   b - +0 robe
rPois   .          Reflect  .   (helmet restricted)
rElec   .          Harm     .   (no cloak)
rCorr   .          Rampage  .   (no gloves)
Will    .....                   (boots unavailable)
Stlth   ++........              (no amulet)
HPRegen 0.08/turn               (no ring)
MPRegen 0.11/turn               (no ring)

@: lethally poisoned (0 -> -7)
A: beak, talons 3
a: no special abilities


You were on level 3 of the Dungeon.
You visited 1 branch of the dungeon, and saw 3 of its levels.

You collected 135 gold pieces.

Inventory:

Hand Weapons
 a - a +0 hand axe (weapon)
Missiles
 c - 33 stones
Armour
 b - a +0 robe (worn)
Wands
 i - a wand of flame (2)
Scrolls
 e - 2 scrolls of enchant armour {unknown}
 g - 2 scrolls of brand weapon {unknown}
 h - a scroll of magic mapping {unknown}
 l - a scroll of enchant weapon {unknown}
 n - a scroll of identify {unknown}
 p - a scroll of amnesia {unknown}
 q - a scroll of teleportation {unknown}
Potions
 d - a potion of berserk rage {unknown}
 f - a potion of resistance {unknown}
 j - a potion of ambrosia {unknown}
 k - a potion of curing {unknown}
 m - a potion of degeneration
 o - a potion of heal wounds {unknown}


   Skills:
 - Level 2.1 Dodging
 - Level 2.0 Stealth
 - Level 2.0 Spellcasting
 + Level 4.2 Conjurations
 - Level 0.7 Transmutations
 - Level 3.1 Earth Magic


You had 3 spell levels left.
You knew the following spells:

 Your Spells              Type           Power      Damage    Failure   Level
a - Sandblast             Erth           20%        2d7       6%          1
b - Stone Arrow           Conj/Erth      24%        3d8       14%         3

Your spell library contained the following spells:

 Spells                   Type           Power      Damage    Failure   Level
 Passwall                 Tmut/Erth      5%         N/A       16%         2
 Petrify                  Tmut/Erth      7%         N/A       69%         4


Dungeon Overview and Level Annotations

Branches:
Dungeon (3/15)

Altars:


Innate Abilities, Weirdness & Mutations

You have a beak for a mouth.
You have claws for feet.


Message History

You kill the ball python!
You see here a ball python corpse.
The adder closely misses you.
Aiming: Sandblast (safe; 5% risk of failure)
Press: ? - help, Q - select action, (/) - cycle Shift-Dir - straight line, f - adder
Aim: an adder (66% to hit)
The blast of sand misses the adder.
The adder bites you.
Unknown command.
Aiming: Sandblast (safe; 5% risk of failure)
Press: ? - help, Q - select action, (/) - cycle Shift-Dir - straight line, f/p - adder
Aim: an adder (66% to hit)
The blast of sand hits the adder!
The adder is severely wounded.
The adder bites you.
Aiming: Sandblast (safe; 5% risk of failure)
Press: ? - help, Q - select action, (/) - cycle Shift-Dir - straight line, f/p - adder
Aim: an adder (severely wounded, 66% to hit)
The blast of sand hits the adder.
The adder is almost dead.
The adder bites you. x2
You are poisoned.
The adder poisons you!
A bat comes into view.
You feel sick. The adder bites you.
* * * LOW HITPOINT WARNING * * *
You are more poisoned.
The adder poisons you!
Unknown command.
Aiming: Sandblast (safe; 5% risk of failure)
Press: ? - help, Q - select action, (/) - cycle Shift-Dir - straight line, f/p - adder
Aim: an adder (almost dead, 66% to hit)
The blast of sand hits the adder!
You kill the adder!
* * * LOW HITPOINT WARNING * * *
You feel sick.
It was a potion of degeneration.
There was something very wrong with that liquid.
You feel weakened.
You feel dopey.
You feel clumsy.
You die...

..b.....##
.........##
.........#
#.......#
#.......
#....$#
#.....#
#..†@.#
#.....#.#
##......#
##†#####
#########.#
........#.#
#######.#.#
#.........#
#.##.##.###


You could see a bat (asleep).

Vanquished Creatures
  A bullfrog zombie (D:3)
  5 adders
  3 giant cockroaches
  3 hobgoblins
  3 quokkas
  4 ball pythons
  6 bats
  4 frilled lizards (D:1)
  2 goblins
  3 kobolds
  5 rats
39 creatures vanquished.

Notes
Turn   | Place    | Note
-------+----------+-------------------------------------------
     0 | D:1      | SnakkuSnakku7 the Tengu Earth Elementalist began the quest
                  | for the Orb.
     0 | D:1      | Reached XP level 1. HP: 10/10 MP: 4/4
   101 | D:1      | Found a faded altar of an unknown god.
   198 | D:1      | Reached XP level 2. HP: 15/15 MP: 6/6
   936 | D:2      | Reached XP level 3. HP: 19/19 MP: 3/7
   947 | D:2      | Learned a level 3 spell: Stone Arrow
  1236 | D:2      | Reached skill level 1 in Conjurations
  1502 | D:3      | Reached skill level 2 in Conjurations
  1563 | D:3      | Reached XP level 4. HP: 20/24 MP: 8/8
  1570 | D:3      | Reached skill level 3 in Conjurations
  1782 | D:3      | Reached skill level 4 in Conjurations
  1851 | D:3      | Succumbed to an adder's poison

Illustrated notes

Levels and vault maps discovered:
D:1:      amcnicky_arrival_choice, layout_basic,
          hellmonk_ecumenical_altar_heavens_door, serial_aquarium,
          aquarium_bridge_square [aquarium_subvault_bridge,
          aquarium_subvault_bridge, aquarium_subvault_window,
          aquarium_subvault_wall], aquarium_bridge_square
          [aquarium_subvault_wall, aquarium_subvault_window,
          aquarium_subvault_bridge, aquarium_subvault_bridge],
          aquarium_window_3, aquarium_window_1, aquarium_window_2,
          aquarium_view_2a, aquarium_view_2d, aquarium_balcony_3b, minivault_5,
          minmay_liquid_box
D:2:      layout_basic, grunt_ministairs_9
D:3:      layout_loops_cross

Skill      XL: |  1  2  3  4 |
---------------+-------------+-----
Earth Magic    | 3 |  3.1
Conjurations   | 2 4 |  4.2
Dodging        | |  2.1
Stealth        | |  2.0
Spellcasting   | |  2.0
Transmutations | |  0.7

Action                   |  1- 3 |  4- 6 || total
-------------------------+-------+-------++-------
Melee: Hand axe          |    63 |    11 ||    74
       Kick              |    10 |     2 ||    12
       Peck              |     4 |     2 ||     6
       Punch             |       |     1 ||     1
 Cast: Sandblast         |    14 |     8 ||    22
  Use: Potion            |       |     1 ||     1
 Stab: Sleeping          |     6 |     2 ||     8
Armor: Robe              |    18 |     3 ||    21
Dodge: Dodged            |    52 |     7 ||    59
